 Dungeon Crawl Stone Soup version 0.28-a0-80-g9707f7362f (webtiles) character file.

Game seed: 14493053733834607947

164 Leeroy the Magician (level 5, -12/38 HPs)
             Began as a Djinni Warper on Aug 5, 2021.
             Was an Initiate of Okawaru.
             Mangled by an ice beast (19 damage)
             ... on level 3 of the Dungeon.
             The game lasted 00:04:54 (3653 turns).

Leeroy the Magician (Djinni Warper)                 Turns: 3653, Time: 00:04:54

Health: -12/38     AC:  3    Str: 10    XL:     5   Next: 73%
Gold:   39         EV: 11    Int: 15    God:    Okawaru [......] SH:  0 Dex: 13

rFire   + + .      SeeInvis .   p - +0 long sword
rCold   x . .      Faith    .   (no shield)
rNeg    . . .      Spirit   .   b - +0 leather armour
rPois   ∞          Reflect  .   (no helmet)
rElec   .          Harm     .   (no cloak)
rCorr   .          Rampage  .   (no gloves)
Will    .....                   (boots unavailable)
Stlth   +.........              (no amulet)
HPRegen 0.12/turn               (no ring)
MPRegen 0.00/turn               (no ring)

@: flying, very slightly contaminated
A: sickness immunity, fire resistance 2, cold vulnerability 1, float, innate
caster, hp casting, extra vitality 1
a: Renounce Religion


You were on level 3 of the Dungeon.
You worshipped Okawaru.
Okawaru was noncommittal.
You visited 1 branch of the dungeon, and saw 4 of its levels.

You collected 179 gold pieces.
You spent 140 gold pieces at shops.

Inventory:

Hand Weapons
 a - a +0 falchion
 e - a +0 quarterstaff
 p - a +0 long sword (weapon)
Missiles
 d - 5 boomerangs of dispersal (quivered)
Armour
 b - a +0 leather armour (worn)
 i - a +0 ring mail
Jewellery
 h - an amulet of reflection
 s - a ring of see invisible
Scrolls
 c - a scroll of blinking
 f - 4 scrolls of identify {unknown}
 k - a scroll of acquirement {unknown}
 m - 2 scrolls of enchant weapon {unknown}
 n - a scroll of teleportation {unknown}
 o - a scroll of holy word {unknown}
Potions
 g - a potion of lignification {unknown}
 j - 3 potions of haste {unknown}
 l - a potion of attraction {unknown}
 q - 2 potions of heal wounds
 r - a potion of brilliance


   Skills:
 - Level 2.0 Fighting
 - Level 1.7 Long Blades
 - Level 0.7 Throwing
 - Level 1.0 Armour
 - Level 2.1 Dodging
 + Level 4.6 Spellcasting


You couldn't memorise any spells.
You knew the following spells:

 Your Spells              Type           Power      Damage    Failure   Level
a - Blink                 Tloc           N/A        N/A       5%          2
b - Lesser Beckoning      Tloc           8%         N/A       11%         3
c - Gell's Gravitas       Tloc           8%         N/A       11%         3
d - Teleport Other        Tloc           17%        N/A       11%         3
e - Manifold Assault      Tloc           17%        N/A       67%         5
f - Apportation           Tloc           34%        N/A       3%          1
g - Ensorcelled Hibernat  Hex/Ice        34%        N/A       5%          2
Your spell library was empty.

Dungeon Overview and Level Annotations

Branches:
Dungeon (4/15)
 Temple: D:4-7

Altars:
Cheibriados
Okawaru
Wu Jian

Shops:
D:1 !   D:3 (:?!


Innate Abilities, Weirdness & Mutations

You are immune to sickness and miasma.
You are immune to poison.
Your flesh is very heat resistant. (rF++)
You are vulnerable to cold. (rC-)
You float through the air rather than walking.
You learn spells naturally, not from books.
Your magical power is your life essence.
You have superior vitality. (+4 HP)


Message History

You hit the worm.
The worm is heavily wounded.
The worm closely misses you.
You barely miss the worm.
The worm is heavily wounded.
The worm bites you but does no damage.
You hit the worm.
The worm is severely wounded.
The worm barely misses you.
You hit the worm.
The worm is almost dead.
The worm barely misses you.
You hit the worm.
The worm is almost dead.
The ice beast barely misses you.
You hit the worm but do no damage.
The worm is almost dead.
The ice beast barely misses you. The worm bites you.
You hear a distant slurping noise.
You hit the worm.
The worm is almost dead.
The ice beast barely misses you.
You riposte.
You hit the ice beast but do no damage. The worm bites you.
The ice beast hits you but does no damage.
There is a stone staircase leading up here.
The ice beast hits you. The ice beast freezes you!
You feel a terrible chill!
* * * LOW HITPOINT WARNING * * *
You fly upwards.
There is a stone staircase leading down here.
Casting: Ensorcelled Hibernation (safe; 5% risk of failure)
Confirm with . or Enter, or press ? or * to list all spells.
You miscast Blink.
You are very lightly contaminated with residual magic.
Nothing appears to happen.
* * * LOW HITPOINT WARNING * * *
The ice beast hits you.
* * * LOW HITPOINT WARNING * * *
The ice beast freezes you!!
You feel a terrible chill!
Ouch! That really hurt!
You die...

#................##
#...........#.#.##.
#............)#.8..
##.......#.........
#.........####.....
#.........# #..8..
#.........# #..##.
#)........# #...##
#.@†......# #....#
##Y......## #.....
##..<..## #.....
####### ######


You could see an ice beast.

Vanquished Creatures
  A scorpion (D:3)
  A howler monkey (D:3)
  An adder (D:3)
  A worm (D:3)
  4 dart slugs
  An orc (D:3)
  3 ball pythons
  4 bats
  5 endoplasms
  3 giant cockroaches
  A goblin (D:3)
  4 hobgoblins
  5 jackals
  A quokka (D:1)
  7 kobolds
  A rat (D:1)
43 creatures vanquished.

Notes
Turn   | Place    | Note
-------+----------+-------------------------------------------
     0 | D:1      | Leeroy the Djinni Warper began the quest for the Orb.
     0 | D:1      | Reached XP level 1. HP: 18/18 MP: 0/0
   472 | D:1      | Reached XP level 2. HP: 23/23 MP: 0/0
   726 | D:1      | Reached skill level 3 in Spellcasting
   966 | D:1      | Reached XP level 3. HP: 28/28 MP: 0/0
   966 | D:1      | Learned a level 1 spell: Apportation
  1130 | D:1      | Found a faded altar of an unknown god.
  1353 | D:1      | Found Baevulie's Distillery.
  1780 | D:2      | Found an iron altar of Okawaru.
  1827 | D:2      | Became a worshipper of Warmaster Okawaru
  2302 | D:3      | Reached XP level 4. HP: 14/33 MP: 0/0
  2473 | D:3      | Found an ornate altar of the Wu Jian Council.
  2473 | D:3      | Found a snail-covered altar of Cheibriados.
  2583 | D:3      | Found Butasaor's Distillery.
  2594 | D:3      | Bought a potion of heal wounds for 50 gold pieces
  2594 | D:3      | Bought a potion of brilliance for 40 gold pieces
  2594 | D:3      | Bought a potion of heal wounds for 50 gold pieces
  2652 | D:3      | Found Jurghiuguf's Magic Scroll Shoppe.
  2684 | D:3      | Found Peyk's Book Boutique.
  2747 | D:3      | Found Kiwk's Weapon Shop.
  2991 | D:4      | Noticed an ice beast
  3029 | D:4      | Noticed a scorpion
  3040 | D:3      | Killed a scorpion
  3041 | D:3      | Reached skill level 4 in Spellcasting
  3041 | D:3      | Reached XP level 5. HP: 19/38 MP: 0/0
  3041 | D:3      | Learned a level 2 spell: Ensorcelled Hibernation
  3653 | D:3      | Mangled by an ice beast

Illustrated notes

Levels and vault maps discovered:
D:1:      sevenhm_arrival_forest_fort_small_5, layout_loops_ring, serial_shops,
          nicolae_shop_behind_doors, hellmonk_ecumenical_altar_prayer_group
D:2:      layout_basic, basic_altar
D:3:      layout_rooms, jmf_multi_god_temple, serial_shops, shop_fountains,
          nicolae_shop_behind_doors, shop, nicolae_shop_behind_doors
D:4:      layout_basic, minmay_temple_entry_butterflies, grunt_ministairs_8

Skill      XL: |  1  2  3  4 |
---------------+-------------+-----
Spellcasting   | 3 4 |  4.6
Fighting       | |  2.0
Long Blades    | |  1.7
Throwing       | |  0.7
Armour         | |  1.0
Dodging        | |  2.1

Action                   |  1- 3 |  4- 6 || total
-------------------------+-------+-------++-------
Melee: Falchion          |   117 |     1 ||   118
       Quarterstaff      |     3 |       ||     3
       Long sword        |       |    46 ||    46
 Cast: Blink             |     1 |       ||     1
       Ensorcelled Hiber |       |     3 ||     3
 Stab: Sleeping          |     2 |     1 ||     3
Armor: Leather armour    |    29 |    11 ||    40
Dodge: Dodged            |    81 |    38 ||   119
       Rpst.: Falchion   |    22 |       ||    22
       Long sword        |       |    13 ||    13

Table legend: (Time is in decaauts)
 A = Elapsed time spent in this place.
 B = Non-inter-level travel time spent in this place.
 C = Inter-level travel time spent in this place.
 D = Time resting spent in this place.
 E = Time spent auto-exploring this place.
 F = Levels seen in this place.
 G = Mean time per level.
                   A        B        C        D        E       F      G
               +--------+--------+--------+--------+--------+-----+--------+
         Total |   3695 |   3501 |    194 |    568 |   2541 |   4 |  923.8 |
       Dungeon |   3695 |   3501 |    194 |    568 |   2541 |   4 |  923.8 |
               +--------+--------+--------+--------+--------+-----+--------+

Top non-repeatable levels by time:
     D:1: 1538 daAuts
     D:3: 1378 daAuts
     D:2: 747 daAuts
     D:4: 31 daAuts
